Cogmind - Beta 17.1 @@@ ROGUE MODE // 2026.09.22 @ 18:07:47 Player: Figgis Result: Destroyed by WU-AJB(R) with Subdweller Machine Gun Performance ------------- Evolutions (0) 0 Regions Visited (3) 600 Robots Destroyed (22) 110 Value Destroyed (703) 703 Prototype IDs (1) 20 Alien Tech Used (0) 0 Bonus (120) 120 TOTAL SCORE: 1553 Bonus ------- Follower Combat Kills 120 Cogmind --------- Core Integrity 0/250 Matter 145/300 Energy 250/250 System Corruption 0% Temperature Cool (0) Movement Treading (160) Location -10/Subcaves Parts ------- > --- POWER (1) -------- Ion Engine > --- PROPULSION (2) --- Light Treads Spiked Treads > --- UTILITY (2) ------ Large Storage Unit Structural Scanner > --- WEAPON (2) ------- Subdweller Machine Gun Grenade Launcher > --- INVENTORY (15) --- Ion Engine Subdweller Monowheel Makeshift Light Armor Plating Makeshift System Shield Splice Drone Bay (6/6) Light Assault Rifle Battle Rifle Barrage Gun Makeshift Shrapnel Gun Battle Cannon Mini Grenade Launcher Hammer Peak State ------------ > --- POWER ------------ Ion Engine > --- PROPULSION ------- Light Treads Light Treads > --- UTILITY ---------- Large Storage Unit Splice Drone Bay > --- WEAPON ----------- Assault Rifle Light Assault Rifle > --- INVENTORY -------- Ion Engine Ion Engine Structural Scanner EM Pulse Gun Small Laser Light Assault Rifle Grenade Launcher Mini Grenade Launcher Hammer [Rating: 14] Favorites ----------- Power Ion Engine Engine Ion Engine Propulsion Light Treads Treads Light Treads Leg Makeshift Leg Wheel Subdweller Monowheel Utility Structural Scanner Device Structural Scanner Storage Large Storage Unit Weapon Light Assault Rifle Energy Gun Small Laser Ballistic Gun Light Assault Rifle Ballistic Cannon Battle Cannon Launcher Grenade Launcher Impact Weapon Hammer Build | -11 -10 -10 -10 ------- Run | Yrd Mat Min Sub Slots Evolved . | . . . . Power . | . . . . Propulsion . | . . . . Utility . | . . . . Weapon . | . . . . Parts Attached 24 | 4 4 1 15 Power 2 | . 1 . 1 Engine 2 | . 1 . 1 Core . | . . . . Reactor . | . . . . Propulsion 8 | 2 . . 6 Treads 4 | 2 . . 2 Leg 1 | . . . 1 Wheel 3 | . . . 3 Hover . | . . . . Flight . | . . . . Utility 3 | . 2 1 . Device 2 | . 1 1 . Storage 1 | . 1 . . Processor . | . . . . Hackware . | . . . . Protection . | . . . . Artifact . | . . . . Weapon 11 | 2 1 . 8 Energy Gun 2 | 1 . . 1 Energy Cannon . | . . . . Ballistic Gun 5 | 1 1 . 3 Ballistic Cannon 1 | . . . 1 Launcher 2 | . . . 2 Special Weapon . | . . . . Impact Weapon 1 | . . . 1 Slashing Weapon . | . . . . Piercing Weapon . | . . . . Special Melee Weapon . | . . . . Unidentified Prototypes 1 | . . 1 . Parts Lost 7 | . . . 7 Power 1 | . . . 1 Propulsion 2 | . . . 2 Utility . | . . . . Weapon 4 | . . . 4 Highest Loss Streak 5 | . . . 5 To Critical Strikes . | . . . . Average Backups 6 | 3 4 7 7 Power 1 | 1 1 2 1 Propulsion . | . . . . Utility . | . . . 1 Weapon 4 | 1 2 5 4 Tool/Special . | . . . . Unused Backups 6 | . 1 . 5 Power 1 | . . . 1 Propulsion . | . . . . Utility 3 | . 1 . 2 Weapon 2 | . . . 2 Tool/Special . | . . . . Average Slot Usage (%) 98 | . 95 100 98 Engine 13 | . 12 14 14 Treads 22 | . 28 28 16 Wheel 5 | . . . 9 Device 13 | . 12 14 14 Storage 13 | . 12 14 14 Energy Gun 2 | . 11 . 2 Ballistic Gun 18 | . 16 28 13 Ballistic Cannon 4 | . . . 7 Impact Weapon 2 | . . . 4 Peak Build Rating 14 | 4 7 14 13 Average Rating 8 | 1 6 7 10 On Entrance 4 | . 4 7 8 Avg Prop Armor Cover (%) 15 | 29 28 . 11 Naked Turns . | . . . . Heaviest Build 33 | 2 29 29 33 Greatest Support 40 | 3 40 40 40 Greatest Overweight (x) 9 | . . . 9 Average Overweight (x) . | . . . . Largest Inventory Capacity 15 | 5 15 15 15 Average Capacity 14 | 5 13 15 15 Most Carried 12 | 5 7 9 12 Average Carried 6 | 3 4 7 7 Final Capacity 15 | 5 15 15 15 Final Carried 12 | 4 7 9 12 Class Distribution -------------------- 100% | Mutant Dominant Class ---------------- Mutant | -10/Materials Mutant | -10/Mines Mutant | -10/Subcaves Resources | -11 -10 -10 -10 ----------- Run | Yrd Mat Min Sub Matter Collected 771 | 219 88 8 456 Remotely . | . . . . Salvage Created 643 | . 230 2 411 Parts 36 | . 8 . 28 Haulers Intercepted 1 | . 1 . . Recyclers Shooed . | . . . . Parts Field Recycled . | . . . . Retrieved Matter . | . . . . Parts Self-Destructed 17 | . . . 17 Prevented . | . . . . Parts Restored . | . . . . Kills | -11 -10 -10 -10 ------- Run | Yrd Mat Min Sub Combat Hostiles Destroyed 20 | . 4 1 15 Guns 10 | . 4 1 5 Cannons 7 | . . . 7 AOE 3 | . . . 3 Classes Destroyed 7 | . 2 1 4 Hauler 1 | . 1 . . Turret 2 | . . . 2 Swarmer 4 | . . . 4 Grunt 5 | . 4 . 1 Sentry 1 | . . . 1 Subdweller 9 | . . . 9 Assembled 1 | . . 1 . Best Kill Streak 4 | . 2 1 4 Combat Bots Only 4 | . 2 1 4 Max Kills in Single Turn 2 | . 1 1 2 Gunslinging . | . . . . Exploded 1 | . . . 1 Melee . | . . . . Uniques/NPCs Destroyed . | . . . . Combat | -11 -10 -10 -10 -------- Run | Yrd Mat Min Sub Hostile Shots Fired 156 | . 24 . 132 Missed 54 | . 2 . 52 Hits 102 | . 22 . 80 Projectile 102 | . 22 . 80 Critical Strikes 2 | . . . 2 Damage Taken 1443 | . 293 18 1132 Core 256 | . 54 . 202 Absorbed by Shields . | . . . . Core Remaining (%) 100 | 100 . . . Volleys Fired 96 | . 27 2 67 Largest 2 | . 2 2 2 Hottest 73 | . 60 40 73 Shots Fired 182 | . 53 4 125 Gun 134 | . 53 4 77 Cannon 39 | . . . 39 Launcher 9 | . . . 9 Special . | . . . . Kinetic 134 | . 27 4 103 Thermal 31 | . 26 . 5 Explosive 9 | . . . 9 Electromagnetic 8 | . . . 8 Robot Hit Streak 21 | . 8 5 21 Robot Miss Streak 3 | . 3 1 2 Penetration Max . | . . . . Secondary Targets 1 | . 1 . . Max Gunslinging Chain 1 | . 1 . . Shots Hit Robots 104 | . 35 2 67 Core Hits 47 | . 15 2 30 Critical Kills . | . . . . Critical Parts Destroyed . | . . . . Critical Strikes 2 | . . . 2 Destroy 1 | . . . 1 Corrupt 1 | . . . 1 Melee Attacks 19 | . . . 19 Impact 19 | . . . 19 Slashing . | . . . . Piercing . | . . . . Sneak Attacks . | . . . . Combat Hostiles . | . . . . Follow-up Attacks . | . . . . Damage Inflicted 1695 | . 346 25 1324 Guns 915 | . 346 25 544 Cannons 406 | . . . 406 Explosions 374 | . . . 374 Melee . | . . . . Ramming . | . . . . Kinetic 1016 | . 146 25 845 Thermal 246 | . 200 . 46 Explosive 374 | . . . 374 Electromagnetic 59 | . . . 59 Impact . | . . . . Slashing . | . . . . Piercing . | . . . . Highest Corruption . | . . . . Average Corruption . | . . . . Corruption Purged . | . . . . Corruption Blocked . | . . . . Overload Shots . | . . . . Overflow Damage 20 | . . . 20 Projectiles 2 | . . . 2 Explosions 18 | . . . 18 Melee . | . . . . Knockbacks 4 | . . . 4 Impact . | . . . . Kinetic 4 | . . . 4 Secondary . | . . . . Self-Inflicted Damage . | . . . . Shots . | . . . . Rammed . | . . . . Targets Rammed . | . . . . Kicked . | . . . . Crushed . | . . . . Highest Temperature 259 | . 135 . 259 Average Temperature 57 | . 49 . 120 Received Heat Transfer 702 | . 165 9 528 Siege Activations . | . . . . Martial Activations . | . . . . Shielding Activations . | . . . . Robots Disrupted . | . . . . Combat Hostiles . | . . . . Robots Corrupted . | . . . . Combat Hostiles . | . . . . Parts Fried . | . . . . Impact Corruptions . | . . . . Robots Melted . | . . . . Combat Hostiles . | . . . . Parts Melted 1 | . . . 1 Heat Transferred 550 | . 450 . 100 Parts Sabotaged . | . . . . Parts Stolen . | . . . . Parts Stripped . | . . . . Power Chain Reactions . | . . . . Alert | -11 -10 -10 -10 ------- Run | Yrd Mat Min Sub Maximum Alert Level . | . . . . Low Security (%) 100 | 100 100 100 . Level 1 . | . . . . Level 2 . | . . . . Level 3 . | . . . . Level 4 . | . . . . Level 5 . | . . . . High Security . | . . . . Max Security . | . . . . Peak Influence 58 | . 42 58 . Initial . | . . . . Average 4 | . 8 3 . Influence Increases 470 | . 125 110 235 Destroy 0b10 Robot/C 320 | . 80 80 160 Destroy 0b10 Robot/NC 5 | . 5 . . Destroy Leader 42 | . 22 20 . Allied During Kill 10 | . . 10 . Successful Hack 18 | . 18 . . Lose Combat Pursuer 75 | . . . 75 Influence Decreases 470 | . 125 110 235 Time Decay 372 | . 125 72 175 Lost Part 60 | . . . 60 Lost Ally 38 | . . 38 . Squads Dispatched . | . . . . Investigation . | . . . . Extermination . | . . . . Reinforcement . | . . . . Assault . | . . . . Garrison . | . . . . Intercept . | . . . . Searches Triggered . | . . . . Construction Impeded . | . . . . Haulers Reinforced . | . . . . Active Scanning Responses . | . . . . Cargo Convoy Interrupts . | . . . . Stealth | -11 -10 -10 -10 --------- Run | Yrd Mat Min Sub Distress Signals 2 | . 1 1 . Communications Jammed . | . . . . Distress Signals . | . . . . Times Spotted 39 | . 10 8 21 Peak Tracking Total 6 | . 3 4 6 Tactical Retreats 3 | . . 1 2 Traps | -11 -10 -10 -10 ------- Run | Yrd Mat Min Sub Traps Triggered . | . . . . Indirectly . | . . . . Trap Hack Attempts . | . . . . Triggered . | . . . . Disarmed . | . . . . Reprogrammed . | . . . . Reused . | . . . . Traps Extracted . | . . . . Installed . | . . . . Triggered . | . . . . Machines | -11 -10 -10 -10 ---------- Run | Yrd Mat Min Sub Machines Disabled 3 | . . . 3 Max in Single Turn 2 | . . . 2 Machines Repaired . | . . . . Machines Dismantled . | . . . . Machines Sabotaged . | . . . . Overloaded Fab Kills . | . . . . Hacking | -11 -10 -10 -10 --------- Run | Yrd Mat Min Sub Machines Accessed 7 | . 5 1 1 Terminals 5 | . 5 . . Fabricators . | . . . . Repair Stations . | . . . . Recycling Units . | . . . . Scanalyzers . | . . . . Garrison Access . | . . . . Total Hacks 16 | . 12 1 3 Successful 8 | . 4 1 3 Failed 7 | . 7 . . Catastrophic . | . . . . Database Lockouts 1 | . 1 . . Manual 8 | . 8 . . Terminals 12 | . 12 . . Fabricators . | . . . . Repair Stations . | . . . . Recycling Units . | . . . . Scanalyzers . | . . . . Garrison Access . | . . . . Terminal Hacks 8 | . 4 1 3 Record 3 | . . . 3 Robot Analysis 1 | . 1 . . Open Door 1 | . . 1 . Locate Traps 2 | . 2 . . Registered Components 1 | . 1 . . Fabricator Hacks . | . . . . Repair Station Hacks . | . . . . Recycling Unit Hacks . | . . . . Scanalyzer . | . . . . Garrison Access Hacks . | . . . . Unauthorized Hacks . | . . . . Terminals . | . . . . Fabricators . | . . . . Repair Stations . | . . . . Recycling Units . | . . . . Scanalyzers . | . . . . Garrison Access . | . . . . Data Cores Recovered . | . . . . Used . | . . . . Hacking Detections 3 | . 3 . . Full Trace Events . | . . . . Feedback Events . | . . . . Feedback Blocked . | . . . . Robot Schematics Acquired . | . . . . Robots Built . | . . . . Authchips . | . . . . Time . | . . . . Total Robot Build Rating . | . . . . Part Schematics Acquired . | . . . . Parts Built . | . . . . Authchips . | . . . . Time . | . . . . Total Part Build Rating . | . . . . Part Studies Acquired . | . . . . Parts Repaired . | . . . . Time . | . . . . Parts Recycled . | . . . . Recycled Matter . | . . . . Retrieved Matter . | . . . . Retrieved Components . | . . . . Parts Scanalyzed . | . . . . Part Schematics Acquired . | . . . . Parts Damaged . | . . . . Bothacking | -11 -10 -10 -10 ------------ Run | Yrd Mat Min Sub Used RIF Installer . | . . . . Robots Hacked . | . . . . Non-combat . | . . . . Combat . | . . . . Robot Hacks Applied . | . . . . Relay Couplers Released . | . . . . Fabnet Peak Effective % . | . . . . Robots Rewired . | . . . . Allies Hacked . | . . . . Hacks Repelled . | . . . . Allies | -11 -10 -10 -10 -------- Run | Yrd Mat Min Sub Total Allies 5 | . . 5 . Largest Group 3 | . . 3 . Highest-Rated Group 59 | . . 59 . Highest-Rated Ally 31 | . . 31 . Total Orders . | . . . . Ally Attacks 29 | . . 29 . Total Damage 321 | . . 321 . Kills 4 | . . 4 . Allies Corrupted . | . . . . Allies Melted . | . . . . Intel | -11 -10 -10 -10 ------- Run | Yrd Mat Min Sub Active Infowar (turns) 4165 | . 591 1405 2169 Structural 4165 | . 591 1405 2169 Robot Analysis Total 1 | . 1 . . Derelict Logs Recovered 2 | . . 1 1 Drone Launches . | . . . . Drone Recoveries . | . . . . Exploration | -11 -10 -10 -10 ------------- Run | Yrd Mat Min Sub Turns Passed 4243 | 33 633 1408 2169 Spaces Moved 2350 | 36 414 623 1277 Core 204 | 36 123 . 45 Treads 1385 | . 291 623 471 Legs . | . . . . Wheels 761 | . . . 761 Hover . | . . . . Flight . | . . . . Fastest Speed 50 | 50 50 160 110 Average Speed 145 | 50 127 160 147 Slowest Speed 500 | 50 160 160 500 Overloaded Moves . | . . . . Propulsion Burnouts . | . . . . Robots Hopped . | . . . . Potential Cave-ins . | . . . . Cave-ins Triggered . | . . . . Exploration Rate (%) 59 | 3 68 99 69 Regions Visited 3 Branch Regions 2 Pre-discovered Areas 1 | . . 1 . Known Exits Taken . | . . . . Unknown Exits Taken 3 | 1 1 1 . Scrap Searched 4 | . . 1 3 Spaces Dug 4 | . . . 4 Terrain Destroyed 62 | . . . 62 Melee 4 | . . . 4 Projectile 1 | . . . 1 AOE 57 | . . . 57 Terrain Rammed . | . . . . Walls Destroyed . | . . . . Machines Disabled . | . . . . Actions | -11 -10 -10 -10 --------- Run | Yrd Mat Min Sub Total 2963 | 49 472 1030 1412 Wait 434 | 5 21 402 6 Move 2347 | 35 413 622 1277 Hop . | . . . . Pick Up 27 | 5 6 2 14 Fast Attach 4 | 3 1 . . Attach 13 | 1 2 . 10 Detach . | . . . . Swap 18 | . 1 2 15 Drop 5 | . 1 . 4 Fire 96 | . 27 2 67 Melee 19 | . . . 19 Ram . | . . . . Kick . | . . . . Crush . | . . . . Escape Stasis . | . . . . Rewire . | . . . . Trap . | . . . . Miscellaneous . | . . . . Route ------- -11/Scrapyard -10/Materials (discovered 4 exits: [*Mat x2] / *Min / Sub) -10/Mines (discovered 3 exits: [*Mat x2] / *Sub) -10/Subcaves (discovered 3 exits: [*Mat x2] / [*Rec]) History --------- Turn | Location | Event 2 | -11/Scrapyard | Met Revision 17 13 | -11/Scrapyard | Discovered new exit (range 16) 34 | -11/Scrapyard | Entered Materials 256 | -10/Materials | Discovered new exit (range 11) 285 | -10/Materials | Discovered new exit (range 12) 312 | -10/Materials | Build established: Mutant 362 | -10/Materials | Central database locked down 526 | -10/Materials | Discovered new exit (range 10) 624 | -10/Materials | Discovered new exit (range 9) 667 | -10/Materials | Entered Mines 682 | -10/Mines | Assisted by bots powering up and referring to "LRC-V3" 872 | -10/Mines | Learned location of Storage (-7) 1042 | -10/Mines | Discovered new exit (range 11) 1097 | -10/Mines | Assembled infested the area 1102 | -10/Mines | Assisted by a Guerilla fighting off Assembled 1165 | -10/Mines | Lost 4 allies 1597 | -10/Mines | Discovered new exit (range 9) 1795 | -10/Mines | Found a Scrap Suit stashed away for nefarious purposes 1822 | -10/Mines | Discovered new exit (range 14) 1947 | -10/Mines | Found the Drone Emporium 1957 | -10/Mines | Found Prototype Device 1958 | -10/Mines | Identified Splice Drone Bay 2075 | -10/Mines | Entered Subcaves 2076 | -10/Subcaves | Approached by a straggling Scientist 2194 | -10/Subcaves | Core integrity fell below 50% 2242 | -10/Subcaves | Lost 5 parts (1p1n3w) 2256 | -10/Subcaves | Discovered new exit (range 15) 2337 | -10/Subcaves | Shifting Twisted Machinery released Battle Cannon 2366 | -10/Subcaves | Learned Materials security intel 2398 | -10/Subcaves | Shifting Twisted Machinery released Lgt. Humpback 2725 | -10/Subcaves | Discovered new exit (range 16) 2727 | -10/Subcaves | Ambushed by Subdweller buried in earth 2736 | -10/Subcaves | Core integrity fell below 20% 3027 | -10/Subcaves | Visited Clippyterm 3031 | -10/Subcaves | Learned 40 Factory zone layouts 3118 | -10/Subcaves | Disturbed a concealed Subdweller 3222 | -10/Subcaves | Discovered new exit (range 9) 3271 | -10/Subcaves | Shifting Twisted Machinery released Mak. System Shield 3303 | -10/Subcaves | Shifting Twisted Machinery released Sub. Machine Gun 3531 | -10/Subcaves | A swath of the cavern ceiling suddenly collapsed 4243 | -10/Subcaves | Ambushed by Subdweller buried in earth 4244 | -10/Subcaves | Destroyed by WU-AJB(R) with Subdweller Machine Gun Last Messages --------------- 03398_ Acquired 13 matter. 03407_ Acquired 7 matter. 03408_ SX-U4Z(u) tweaks Twisted Machinery. 03465_ Acquired Spk. Treads. 03490_ 7B-8EW(R) destroyed. 03493_ CJ-6PD(R) destroyed. 03495_ A0-V2C(O) collects matter. 03513_ A0-V2C(O) puts together Battle Rifle. A swath of the cavern ceiling suddenly collapses. 03694_ EO-N5Y(u) builds Twisted Machinery. 03890_ EO-N5Y(u) tweaks Twisted Machinery. 03903_ EO-N5Y(u) builds Twisted Machinery. 04059_ I8-GTT(R): "SUBHATE!" 04082_ I8-GTT(R) destroyed. 04090_ Acquired Barrage Gun. 04105_ Acquired Mak. Shrapnel Gun. 04114_ Acquired Mak. Light Armor Plating. 04153_ WT-TFA(O) collects matter. 04243_ The unstable cave ceiling collapses. 04244_ WU-AJB(R): "NOSTUCKSUB!" Map ----- +----------------------------------------------------+ | ???????????????????????????????????#### #### | | ???????????????????????????????????### ### | | ???????????????????????????????????## | | ??????????????????????????????????### ### | | ####?????????????????????????????#### ### | | ####????????????????????????????#### # | | ""##????????????????????????????### ##### | | ""##????????????????????????????## ### ##### | | "##????????????????????????????### ########### | | ####????????????????????????????#### ############ | | ####?????????????????????????????## ## ## # | | ###????????????????????????????## | | ####?????????###???????????????## # # # | | ####????????######????????????### ## ######### | | ###????????# #######?????????## ######## | | ##????????## # ###?????????## ## ## # | | ##????????## ##???????##### | | ######??##### #######??##### " | | #######?##### R #######??## ## "" ## # #### | | # #### ### ### ##??## " """########## | | ### ### ""## # ## ######*&="""#########?? | | ###### ## ""#### "###### =#######???????? | | ##### ""##### " " !######????????? | | ######" ###"" #### " #####?????????? | | #####""" ####"" ### " # ###?????????? | | # """ ######" @"###### ##?????????? | | "" "= ###?### ########### ###?????????? | | ###" ###??###" ####### #### ###?????????? | | ##########???##### ###### ## ###?????????? | | ##########????###### ###### ##?????????? | | ###############??#### #### ##?????????? | | ################??### ### ##?????????? | | ## ### """###???#### ###### ##?????????? | | ## # ##???############## ##?????????? | | # # # ###?????#######??### ##?????????? | | ###???????????????## ####?????????? | | & <##???????????????### ## ?????????? | | & ###???????????????### ???????????? | | ###????????????????## ???????????? | | ## # ##????????????????## ??????????? | | ###### "## ????????????????## ?????????? | | ####### # ######???????????????? ????????? | | #???###########????????????????? ???????? | | ??????######????????????????????#### #?????? | | ????????????????????????????????#### ###?????? | | ???????????????????????????????????? ####?????? | | ???????????????????????????????????? ## ??????? | | ???????????????????????????????????? #####???????? | | ???????????????????????????????????? ##??????????? | | ?????????????????????????????????????????????????? | +----------------------------------------------------+ Best States ------------- Heat Dissipation 25 Energy Generation 10 Energy Capacity 250 Matter Stores 300 Matter Capacity 300 Sight Range 16 Terrain Scan Density 10 Evasion (%) 50 Recoil Reduction 2 Item Schematics ----------------- None Robot Schematics ------------------ None Fabricated ------------ Nothing Repaired ---------- Nothing Studied --------- None Alien Tech Used ----------------- None Achievements -------------- Do Not Disturb Challenges ------------ None Game ------ Seed CobblerFlightInterpreter Manual? 0 Play Time 00:19:59 Cumulative 231.2 hours Start 2026.09.22 @ 17:44:52 End 2026.09.22 @ 18:07:47 Sessions 1 Manual Loads 0 Difficulty Rogue Special Mode None Game No. 361 Rogue 358 Adventurer 3 Explorer 0 Win Type - Total 2 Types 2/0/0/0/0/0/0/0/0/0 Lore% 68 Gallery% 58 Achievement% 35 Wizard Run 0 Options --------- Layout 0 ASCII 0 Keyboard 0 Movement Mouse Keybinds 0 Fullscreen 2 Font 18/SmallcapsGlow Map View 76x50 Zoom Use 0% Tactical HUD 1 Map Filters NONE Filters NONE Steam 1 RUN: e88647d1-5080-4ea3-adb6-58313b14f5a0